 Dungeon Crawl Stone Soup version 0.19-a0-812-g33f3bc8 (webtiles) character file.

2463 Implojin the Cleaver (level 9, -9/121 HPs)
             Began as a Minotaur Berserker on June 28, 2016.
             Was a Believer of Trog.
             Mangled by a wolf (10 damage)
             ... led by Grum
             ... on level 8 of the Dungeon.
             The game lasted 00:08:38 (1620 turns).

Implojin the Cleaver (Minotaur Berserker)           Turns: 1620, Time: 00:08:38

Health: -9/121     AC:  7    Str: 28    XL:     9   Next: 26%
Magic:  8/8        EV:  8    Int:  4    God:    Trog [**....]
Gold:   97         SH:  8    Dex: 12    Spells: 0 memorised, 8 levels left

rFire  . . .     SeeInvis .     v - +0 war axe
rCold  . . .     Gourm    .     p - +0 ring mail
rNeg   . . .     Faith    .     l - +0 shield
rPois  .         Spirit   .     (helmet restricted)
rElec  .         Dismiss  .     (no cloak)
rCorr  .         Reflect  .     i - +1 pair of gloves
SustAt +         Harm     .     (no boots)
MR     ++...                    o - amulet of rage
Stlth  ..........               (no ring)
                                h - ring of sustain attributes

@: berserking, regenerating, very quick, very resistant to hostile enchantments,
extremely unstealthy
A: retaliatory headbutt, horns 2
a: Berserk, Trog's Hand, Burn Spellbooks, Renounce Religion, Evoke Berserk Rage


You were on level 8 of the Dungeon.
You worshipped Trog.
Trog was pleased with you.
You were not hungry.

You visited 1 branch of the dungeon, and saw 9 of its levels.

You collected 97 gold pieces.

Inventory:

Hand Weapons
 a - a +0 hand axe
 v - a +0 war axe (weapon)
Missiles
 s - 8 tomahawks (quivered)
 w - 8 javelins
Armour
 f - a steam dragon hide
 i - a +1 pair of gloves (worn)
 l - a +0 shield (worn)
 p - a +0 ring mail (worn)
 r - a +0 plate armour
Jewellery
 h - a ring of sustain attributes (left hand)
 o - an amulet of rage (around neck)
Scrolls
 d - a scroll of identify
 e - a scroll of fear
 k - a scroll of remove curse {unknown}
 n - a scroll of blinking {unknown}
Potions
 b - 2 potions of flight
 q - 2 potions of degeneration
 t - a potion of curing {unknown}
 u - 2 potions of agility {unknown}
 x - a potion of heal wounds {unknown}
 A - a potion of cure mutation {unknown}
Comestibles
 c - 5 bread rations
 g - a slice of pizza
 j - 4 meat rations
 m - 4 fruits
 z - 3 chunks of flesh


   Skills:
 * Level 8.3 Fighting
 - Level 13.0 Axes
 - Level 2.4 Armour
 - Level 2.1 Dodging


You had 8 spell levels left.
You didn't know any spells.

Dungeon Overview and Level Annotations

Branches:
Dungeon (9/15)             Temple (0/1) D:5
   Lair: D:8-11         Orc: D:9-12

Altars:
Nemelex Xobeh

Shops:
D:5 (


Innate Abilities, Weirdness & Mutations

You reflexively headbutt those who attack you in melee.
You have a pair of horns on your head.


Message History

* * * LOW HITPOINT WARNING * * *
The centaur unwields an uncursed shortbow.
The centaur misses you. You furiously retaliate!
You headbutt the centaur! The wolf barely misses you. You furiously retaliate!
You headbutt the wolf! You block the wolf's attack.
Unknown command.
Unknown command.
You slice Grum!! You headbutt Grum!!
Grum is almost dead.
You closely miss the wolf. You slice the centaur!!
You kill the centaur!
Trog accepts your kill.
Your shield and ring mail prevent you from hitting the wolf.
The wolf is moderately wounded.
The wolf bites you!
* * * LOW HITPOINT WARNING * * *
The howler monkey hoots and howls with incredible vigour!
You block the wolf's attack. Grum barely misses you.
You hear a shout!
You hear an angry hiss.
You hear a shout!
You hear a howl!
You hear a shout! x9
You slice Grum!!
You kill Grum!
Trog accepts your kill.
Your Fighting skill increases to level 8!
You barely miss the wolf.
The wolf is moderately wounded.
You hit the wolf.
The wolf is moderately wounded.
You block the wolf's attack. x2
Unknown command.
You slash the wolf!
The wolf is moderately wounded.
You miss the wolf.
The wolf is moderately wounded.
You slash the wolf!
The wolf is severely wounded.
The wolf bites you but does no damage. The wolf bites you.
* * * LOW HITPOINT WARNING * * *
The wolf bites you!
You die...

###.####.###..##..##.####
#.........#............h
#.#.######.##...........
#.#.# #.###.......# .)#.#
#...........# ###.#
#..(....# #.# #...h...#
###.# #.)hh)..#
..#.############@#####
#...............h...#
###.########........# #.#
#........# #.#
...........# #.#
#.###.......# #.# #
#.......# #.# #.
#.......# #.# #.#
#.#######


You could see 3 wolves and a howler monkey.

Vanquished Creatures
  Pikel (D:7)
  Psyche (D:8)
  Prince Ribbit (D:8)
  A steam dragon (D:8)
  Grum (D:8)
  An orc warrior (D:7)
  A sky beast (D:6)
  2 slaves (D:7)
  4 ogres
  A wolf (D:8)
  A centaur (D:8)
  A giant frog (D:7)
  2 scorpions (D:8)
  4 crimson imps
  A hound (D:8)
  A centaur skeleton (D:6)
  3 orc wizards (D:7)
  A giant frog skeleton (D:8)
  2 worker ants (D:8)
  3 adders
  A shadow imp (D:5)
  A worm (D:2)
  A dart slug (D:2)
  7 orcs
  3 giant cockroaches
  A goblin (D:3)
  2 jackals (D:8)
  7 kobolds
  A quokka (D:6)
  2 rats
59 creatures vanquished.

Notes
Turn   | Place    | Note
--------------------------------------------------------------
     0 | D:1      | Implojin the Minotaur Berserker began the quest for the Orb.
     0 | D:1      | Reached XP level 1. HP: 19/19 MP: 0/0
    76 | D:1      | Reached skill level 4 in Axes
   141 | D:2      | Reached XP level 2. HP: 18/26 MP: 1/1
   386 | D:2      | Reached skill level 5 in Axes
   463 | D:3      | Reached XP level 3. HP: 11/31 MP: 2/2
   497 | D:3      | Reached ** piety under Trog
   547 | D:5      | Entered Level 5 of the Dungeon
   547 | D:5      | Noticed an ogre
   557 | D:4      | Reached skill level 6 in Axes
   557 | D:4      | Reached XP level 4. HP: 19/39 MP: 3/3
   565 | D:5      | Found Ruleb's Antique Weapon Boutique.
   760 | D:5      | Found a sparkling altar of Nemelex Xobeh.
   780 | D:5      | Killed an ogre
   780 | D:5      | Reached skill level 7 in Axes
   780 | D:5      | Reached XP level 5. HP: 45/45 MP: 4/4
   843 | D:5      | Found a staircase to the Ecumenical Temple.
   980 | D:6      | Noticed a sky beast
  1000 | D:6      | Killed a sky beast
  1000 | D:6      | Reached skill level 8 in Axes
  1000 | D:6      | Reached XP level 6. HP: 19/51 MP: 5/5
  1046 | D:7      | Noticed an orc warrior
  1051 | D:7      | Noticed a slave
  1052 | D:7      | Noticed a slave
  1052 | D:7      | Noticed a slave
  1052 | D:7      | Noticed a slave
  1053 | D:7      | Noticed Pikel
  1057 | D:7      | Reached skill level 9 in Axes
  1061 | D:7      | Killed a slave
  1066 | D:7      | Reached XP level 7. HP: 36/57 MP: 6/6
  1069 | D:7      | Killed Pikel
  1069 | D:7      | Reached skill level 11 in Axes
  1072 | D:7      | Reached XP level 8. HP: 38/64 MP: 7/7
  1136 | D:8      | Noticed Psyche
  1145 | D:8      | Reached skill level 12 in Axes
  1148 | D:8      | Killed Psyche
  1148 | D:8      | Reached skill level 13 in Axes
  1150 | D:8      | Reached skill level 4 in Fighting
  1216 | D:8      | Reached skill level 5 in Fighting
  1242 | D:8      | Noticed Prince Ribbit
  1250 | D:8      | Killed Prince Ribbit
  1250 | D:8      | Reached skill level 6 in Fighting
  1250 | D:8      | Reached XP level 9. HP: 15/78 MP: 8/8
  1546 | D:8      | Reached skill level 7 in Fighting
  1608 | D:8      | Noticed Grum
  1618 | D:8      | HP: 3/121 [wolf[Grum] (7)]
  1619 | D:8      | Killed Grum
  1619 | D:8      | Reached skill level 8 in Fighting
  1620 | D:8      | HP: 1/121 [wolf[Grum] (4)]
  1620 | D:8      | Mangled by a wolf

Vault maps used:
D:1:      dpeg_arrival_court
D:2:      first_bread, ecumenical_altar_1
D:3:      nicolae_overflow_hidden_temple, minmay_goblin_outpost
D:4:      minivault_24
D:5:      serial_shops, nicolae_shop_overgrown_old_shop,
          nemelex_spade_bored_becter
D:6:      tso_altar
D:7:      minitemple, uniq_pikel, uniq_menkaure
D:8:      uniq_grum, uniq_prince_ribbit1, uniq_psyche
D:9:      kennysheep_town

Skill      XL: |  1  2  3  4  5  6  7  8  9 |
---------------+----------------------------+-----
Axes           | 4 5 6 7 8 9 11 13 | 13.0
Fighting       | 6 8 |  8.3
Armour         | |  2.4
Dodging        | |  2.1

Action                   |  1- 3 |  4- 6 |  7- 9 || total
-------------------------+-------+-------+-------++-------
Melee: Hand axe          |    52 |    56 |    14 ||   122
       Headbutt          |     5 |    12 |    16 ||    33
       War axe           |       |       |    51 ||    51
Invok: Berserk           |     2 |     3 |     3 ||     8
       Trog's Hand       |       |     1 |     3 ||     4
       Burn Spellbooks   |       |       |     1 ||     1
  Use: Scroll            |       |     1 |     2 ||     3
  Eat: Chunk             |     1 |     4 |     6 ||    11
Armor: Animal skin       |     5 |       |       ||     5
       Leather armour    |     5 |       |       ||     5
       Ring mail         |       |    17 |    19 ||    36
Dodge: Dodged            |    23 |    15 |    22 ||    60
Block: Shield            |     8 |    15 |    37 ||    60

Table legend:
 A = Turns spent in this place as a percentage of turns spent in the entire game.
 B = Non-inter-level travel turns spent in this place as a percentage of non-inter-level travel turns spent in the entire game.
 C = Inter-level travel turns spent in this place as a percentage of turns spent in this place.
 D = Turns resting spent in this place as a percentage of non-inter-level travel turns spent in this place.
 E = Turns spent auto-exploring this place as a percentage of non-inter-level travel turns spent in this place.
 F = Non-inter-level travel turns spent in this place divided by the number of levels of this place that you've seen.
                   A       B       C       D       E      F
               +-------+-------+-------+-------+-------+----------------------
         Total | 100.0 | 100.0 |   0.0 |   1.8 |   0.0 | 132.9
       Dungeon | 100.0 | 100.0 |   0.0 |   1.8 |   0.0 | 132.9
               +-------+-------+-------+-------+-------+----------------------

Table legend:
 A = Kills in this place as a percentage of kills in entire the game.
 B = Kills by you in this place as a percentage of kills by you in the entire game.
 C = Kills by friends in this place as a percentage of kills by friends in the entire game.
 D = Other kills in this place as a percentage of other kills in the entire game.
 E = Experience gained in this place as a percentage of experience gained in the entire game.
 F = Experience gained in this place divided by the number of levels of this place that you have seen.
                   A       B       C       D       E      F
               +-------+-------+-------+-------+-------+----------------------
         Total | 100.0 | 100.0 |  -nan |  -nan | 100.0 | 391.0
       Dungeon | 100.0 | 100.0 |  -nan |  -nan | 100.0 | 391.0
               +-------+-------+-------+-------+-------+----------------------
